 Dungeon Crawl Stone Soup version 0.30-a0-924-g0ad0bf95bc (webtiles) character file.

Game seed: 7066997891792816003

27 Juicyj the Chopper (level 2, -6/25 HPs)
             Began as a Minotaur Gladiator on Mar 22, 2023.
             Mangled by a gnoll
             ... wielding a +0 whip
              (8 damage)
             ... on level 1 of the Dungeon.
             The game lasted 00:01:46 (391 turns).

Juicyj the Chopper (Minotaur Gladiator)              Turns: 391, Time: 00:01:47

Health: -6/25      AC:  4    Str: 18    XL:     2   Next: 93%
Magic:  1/1        EV: 12    Int:  5    God:
Gold:   28         SH:  0    Dex: 11    Spells: 1/1 levels left

rFire   + . .      SeeInvis .    a - +0 war axe
rCold   . . .      Faith    .    (no shield)
rNeg    . . .      Spirit   .    h - +1 leather armour {rF+}
rPois   .          Reflect  .    c - +0 hat
rElec   .          Rampage  .    (no cloak)
rCorr   .                        (no gloves)
Will    .....                    (no boots)
Stlth   +                        (no amulet)
HPRegen 0.24/turn                (no ring)
MPRegen 0.07/turn                (no ring)

@: no status effects
A: horns 2, retaliatory headbutt
a: no special abilities


You were on level 1 of the Dungeon.
You visited 1 branch of the dungeon, and saw 1 of its levels.

You collected 28 gold pieces.

Inventory:

Hand Weapons
 a - a +0 war axe (weapon)
Missiles
 d - 3 throwing nets (quivered)
 e - a javelin
 k - 9 poisoned darts
Armour
 b - a +0 leather armour
 c - a +0 hat (worn)
 h - a +1 leather armour of fire resistance (worn)
Jewellery
 g - a ring of willpower
 i - a +5 ring of evasion
Scrolls
 f - a scroll of identify {unknown}
 j - a scroll of fear {unknown}


   Skills:
 + Level 2.9 Fighting
 + Level 4.0 Axes
 + Level 2.3 Throwing
 + Level 3.6 Dodging


You had one spell level left.
You didn't know any spells.
Your spell library was empty.

Dungeon Overview and Level Annotations

Branches:
Dungeon (1/15)

Altars:

Shops:
D:1 *[


Innate Abilities, Weirdness & Mutations

You have a pair of horns on your head.
You reflexively headbutt those who attack you in melee.


Message History

The bat completely misses you. The bat closely misses you.
The bat closely misses you.
You barely miss the bat. You headbutt the bat.
You kill the bat!
No target in view!
No target in view!
No target in view!
You now have 28 gold pieces (gained 14).
You see here a frilled lizard skeleton.
A hobgoblin comes into view.
The hobgoblin shouts!
The hobgoblin hits you but does no damage.
A hobgoblin is nearby!
You closely miss the hobgoblin. You headbutt the hobgoblin.
You kill the hobgoblin!
You see here a hobgoblin corpse.
Found a helmet.
A rat and a gnoll come into view.
The gnoll shouts!
Found a robe.
The rat bites you.
You barely miss the gnoll. Your headbutt misses the gnoll.
You barely miss the rat. The rat bites you. The gnoll misses you.
The rat misses you. The gnoll hits you with a +0 whip!
There are monsters nearby!
You closely miss the gnoll. You closely miss the rat.
The gnoll hits you with a +0 whip. The rat bites you but does no damage.
There are monsters nearby!
You are too injured to fight recklessly!
There are monsters nearby!
You are too injured to fight recklessly!
You are too injured to fight recklessly!
You are too injured to fight recklessly!
You closely miss the gnoll. You slash the rat!
You kill the rat!
The gnoll hits you with a +0 whip.
* * * LOW HITPOINT WARNING * * *
You barely miss the gnoll. The gnoll hits you with a +0 whip.
* * * LOW HITPOINT WARNING * * *
The gnoll hits you with a +0 whip!
You die...

#.........# #.##.......#
#.∩.. #.........#
#.##..##'#.# #....
#.........# #.##..##.#.#
#.... #.........#
......#.#.# #....
###########.#.#.# #....
#......[..#.#.#.#####.#
.#.....#.#...#.#...÷÷#
.#.#+###.#.###...#.....#
......†@.#...†.#.......#
[.....g..#######.......#
.........#..............
.........#.#######....>.
.........# #.#+#.#
.........# #.+ +.#
.........# ### #.#
.........# ..# ###


You could see a gnoll.

Vanquished Creatures
  A dart slug (D:1)
  2 endoplasms (D:1)
  A giant cockroach (D:1)
  A goblin (D:1)
  2 hobgoblins (D:1)
  5 jackals (D:1)
  3 ball pythons (D:1)
  4 bats (D:1)
  2 frilled lizards (D:1)
  2 rats (D:1)
23 creatures vanquished.

Notes
Turn   | Place    | Note
-------+----------+-------------------------------------------
     0 | D:1      | Juicyj the Minotaur Gladiator began the quest for the Orb.
     0 | D:1      | Reached XP level 1. HP: 18/18 MP: 0/0
    97 | D:1      | Found Coneu's Antique Armour Shop.
   123 | D:1      | Reached XP level 2. HP: 23/25 MP: 1/1
   139 | D:1      | Found Xafienaq's General Store.
   198 | D:1      | Reached skill level 4 in Axes
   391 | D:1      | Mangled by a gnoll

Illustrated notes

Levels and vault maps discovered:
D:1:      dpeg_arrival_tiny_d, layout_basic, serial_shops, shop, shop,
          nicolae_shop_behind_doors, shop

Skill      XL: |  1  2 |
---------------+-------+-----
Axes           | 4 |  4.0
Fighting       | |  2.9
Throwing       | |  2.3
Dodging        | |  3.6

Action                     || total
---------------------------++-------
  Melee: War axe           ||    37
         Headbutt          ||     6
  Throw: Throwing net      ||     1
 Armour: Leather armour    ||     6
  Dodge: Dodged            ||    29

Table legend: (Time is in decaauts)
 A = Elapsed time spent in this place.
 B = Non-inter-level travel time spent in this place.
 C = Inter-level travel time spent in this place.
 D = Time resting spent in this place.
 E = Time spent auto-exploring this place.
 F = Levels seen in this place.
 G = Mean time per level.
                   A        B        C        D        E       F      G
               +--------+--------+--------+--------+--------+-----+--------+
         Total |    401 |    401 |      0 |      0 |    272 |   1 |  401.0 |
       Dungeon |    401 |    401 |      0 |      0 |    272 |   1 |  401.0 |
               +--------+--------+--------+--------+--------+-----+--------+

Top non-repeatable levels by time:
     D:1: 401 daAuts
